 Dungeon Crawl Stone Soup version 0.28.0-53-g5a82cb258f (webtiles) character file.

Game seed: 10204002489150069355

462 LustLizard the Chopper (level 6, 0/56 HPs)
             Began as a Minotaur Berserker on July 12, 2022.
             Was a Believer of Trog.
             Killed from afar by an orc wizard (6 damage)
             ... with a magic dart
             ... on level 5 of the Dungeon.
             The game lasted 00:06:34 (4327 turns).

LustLizard the Chopper (Minotaur Berserker)         Turns: 4327, Time: 00:06:35

Health: 0/56       AC:  6    Str: 26 (27) XL:     6   Next: 79%
Magic:  5/5        EV: 11    Int:  4 (6)  God:    Trog [**....]
Gold:   163        SH:  0    Dex:  9 (10) Spells: 5/5 levels left

rFire   . . .      SeeInvis .   a - +0 hand axe
rCold   . . .      Faith    .   (no shield)
rNeg    . . .      Spirit   .   k - +0 ring mail
rPois   +          Reflect  .   (helmet restricted)
rElec   .          Harm     .   (no cloak)
rCorr   .          Rampage  .   (no gloves)
Will    .....                   x - +0 pair of boots
Stlth   ..........              (no amulet)
HPRegen 0.18/turn               c - ring of poison resistance
MPRegen 0.09/turn               z - +6 ring of strength

@: confused
A: horns 2, retaliatory headbutt
a: Renounce Religion, Berserk, Trog's Hand


You were on level 5 of the Dungeon.
You worshipped Trog.
Trog was pleased with you.
You visited 1 branch of the dungeon, and saw 5 of its levels.

You collected 163 gold pieces.

Inventory:

Hand Weapons
 a - a +0 hand axe (weapon)
Missiles
 f - 81 stones (quivered)
 n - 6 atropa-tipped darts
 v - 6 datura-tipped darts
 w - 2 poisoned darts
Armour
 b - a +0 animal skin
 d - a +0 kite shield
 i - a +0 leather armour
 k - a +0 ring mail (worn)
 x - a +0 pair of boots (worn)
Jewellery
 c - a ring of poison resistance (left hand)
 y - a ring of protection from fire
 z - a +6 ring of strength (right hand)
Scrolls
 e - a scroll of holy word {unknown}
 g - 5 scrolls of identify {unknown}
 h - a scroll of enchant weapon {unknown}
 j - 2 scrolls of vulnerability {unknown}
 q - a scroll of blinking {unknown}
 r - 2 scrolls of fog {unknown}
 t - a scroll of teleportation {unknown}
 u - a scroll of enchant armour {unknown}
Potions
 l - a potion of haste {unknown}
 m - 2 potions of degeneration
 o - 2 potions of resistance {unknown}
 p - a potion of mutation {unknown}
 s - a potion of brilliance {unknown}


   Skills:
 + Level 5.3 Fighting
 * Level 6.5 Axes
 * Level 4.2 Throwing
 - Level 2.4 Armour
 - Level 2.1 Dodging


You had 5 spell levels left.
You didn't know any spells.
Your spell library was empty.

Dungeon Overview and Level Annotations

Branches:
Dungeon (5/15)
 Temple: D:4-7

Altars:
Yredelemnul

Shops:
D:5 (


Innate Abilities, Weirdness & Mutations

You have a pair of horns on your head.
You reflexively headbutt those who attack you in melee.


Message History

The orc hits you with a +0 falchion.
You feel less confused.
You barely miss the orc. You hit the water moccasin.
You closely miss the orc wizard. The orc hits you but does no damage.
The water moccasin bites you but does no damage.
You barely miss the orc wizard. You hit the water moccasin. You hit the orc.
The water moccasin barely misses you. You furiously retaliate!
You headbutt the water moccasin.
The orc wizard hits you with a +2 dagger of speed.
* * * LOW HITPOINT WARNING * * *
The orc completely misses you. The orc wizard casts a spell at you.
You are confused.
You are too confused!
Unknown command.
You hit the orc wizard.
The orc wizard is lightly wounded.
You hit the orc. You barely miss the water moccasin.
The water moccasin bites you.
* * * LOW HITPOINT WARNING * * *
The water moccasin closely misses you.
The orc wizard points at you and mumbles some strange words.
You are more confused.
It was a potion of degeneration.
There was something very wrong with that liquid.
You feel weakened.
You feel dopey.
You feel clumsy.
The water moccasin bites you but does no damage.
The orc barely misses you.
The orc wizard gestures at you while chanting.
You resist with some effort.
You miss the water moccasin. Your punch misses the water moccasin.
The water moccasin is moderately wounded.
You miss the orc. You barely miss the orc wizard. You barely miss the orc.
The water moccasin bites you.
* * * LOW HITPOINT WARNING * * *
The orc closely misses you. The orc hits you with a +0 falchion.
* * * LOW HITPOINT WARNING * * *
The orc wizard points at you and mumbles some strange words.
The magic dart hits you.
You die...

###.......##.##......##########.#
#)......##.###.....# #.#
############∩'.....# #.#
####.....# #.# # #.#......# #.#
.. #.#####'### #.# .. #..#......#
#.# #. #.#...)..# #.. #.#@o....#
#...###.ooS....#
#..$'...|......'.
#...####)......#.# #..
#.###'##...# ## #.. ....#.# ##.#
...# '. ### ..#


You could see a water moccasin, an orc wizard and 2 orcs.

Vanquished Creatures
  A centaur (D:5)
  A phantom (D:4)
  A scorpion (D:5)
  A centaur zombie (D:5)
  A bullfrog skeleton (D:5)
  An iguana (D:5)
  2 orc wizards (D:5)
  A scorpion zombie (D:5)
  An adder (D:3)
  3 worms
  4 dart slugs
  An orc (D:3)
  9 endoplasms
  2 giant cockroaches (D:1)
  8 goblins
  3 hobgoblins
  8 jackals
  4 quokkas
  4 ball pythons
  3 bats
  6 kobolds
  8 rats
73 creatures vanquished.

Notes
Turn   | Place    | Note
-------+----------+-------------------------------------------
     0 | D:1      | LustLizard the Minotaur Berserker began the quest for the
                  | Orb.
     0 | D:1      | Reached XP level 1. HP: 19/19 MP: 0/0
   231 | D:1      | Reached skill level 4 in Axes
   231 | D:1      | Reached XP level 2. HP: 17/27 MP: 1/1
   410 | D:1      | Reached skill level 1 in Throwing
   719 | D:1      | Reached XP level 3. HP: 33/33 MP: 2/2
  1305 | D:2      | Reached ** piety under Trog
  1805 | D:3      | Found a faded altar of an unknown god.
  2346 | D:3      | Reached XP level 4. HP: 40/40 MP: 3/3
  2475 | D:3      | Found a basalt altar of Yredelemnul.
  3832 | D:4      | Noticed a phantom
  3844 | D:4      | Killed a phantom
  3845 | D:4      | Reached skill level 5 in Axes
  3845 | D:4      | Reached XP level 5. HP: 45/47 MP: 4/4
  4011 | D:5      | Entered Level 5 of the Dungeon
  4124 | D:5      | Noticed a centaur
  4131 | D:5      | Killed a centaur
  4133 | D:5      | Reached XP level 6. HP: 21/55 MP: 5/5
  4137 | D:5      | Found Itwipnim's Weapon Shoppe.
  4221 | D:5      | Reached skill level 5 in Fighting
  4221 | D:5      | Reached skill level 6 in Axes
  4315 | D:5      | Noticed a water moccasin
  4327 | D:5      | Killed from afar by an orc wizard

Illustrated notes

Levels and vault maps discovered:
D:1:      denvon_arrival_planthouse, layout_rooms
D:2:      layout_loops_ring
D:3:      layout_basic, yredelemnul_altar_generic, ebering_ecumenical_altar_mist
D:4:      layout_basic
D:5:      layout_basic, mainiacjoe_overflow_catwalk, minmay_temple_entry_wispy,
          serial_shops, kennysheep_mini, portal_sewer_entry_d

Skill      XL: |  1  2  3  4  5  6 |
---------------+-------------------+-----
Axes           | 4 5 6 |  6.5
Throwing       | 1 2 3 4 |  4.2
Fighting       | 4 5 |  5.3
Armour         | |  2.4
Dodging        | |  2.1

Action                   |  1- 3 |  4- 6 || total
-------------------------+-------+-------++-------
Melee: Hand axe          |   131 |    90 ||   221
       Headbutt          |    18 |    14 ||    32
       Punch             |     1 |     2 ||     3
Throw: Stone             |     2 |     5 ||     7
Invok: Berserk           |       |     1 ||     1
  Use: Potion            |       |     1 ||     1
 Stab: Distracted        |     1 |       ||     1
Armor: Animal skin       |     5 |       ||     5
       Leather armour    |     9 |       ||     9
       Ring mail         |    24 |    30 ||    54
Dodge: Dodged            |    59 |    55 ||   114
